 Dungeon Crawl Stone Soup version 0.29.1-1-gd02db6906a (webtiles) character file.

Game seed: 13850334756838111483

235 smilodon the Sneak (level 5, -1/35 HPs)
             Began as a Vampire Enchanter on Oct 1, 2022.
             Was an Initiate of Gozag.
             Slain by Duvessa
             ... wielding a +0 short sword
              (13 damage)
             ... on level 4 of the Dungeon.
             The game lasted 00:07:37 (2570 turns).

smilodon the Sneak (Vampire Enchanter)              Turns: 2570, Time: 00:07:38

Health: -1/35      AC:  4    Str:  7    XL:     5   Next: 76%
Magic:  3/9        EV: 13    Int: 20    God:    Gozag
Gold:   142        SH:  0    Dex: 14    Spells: 2/10 levels left

rFire   + . .      SeeInvis +   o - +4 dagger
rCold   . . .      Faith    .   (no shield)
rNeg    . . .      Spirit   .   b - +0 robe
rPois   .          Reflect  .   (no helmet)
rElec   .          Harm     .   l - +0 cloak
rCorr   .          Rampage  .   d - +0 pair of gloves
Will    .....                   (no boots)
Stlth   +++.......              (no amulet)
HPRegen 0.31/turn               s - ring of protection from fire
MPRegen 0.11/turn               (no ring)

@: about to teleport, very slightly contaminated, healing quickly, invisible
A: alive, fangs 3, see invisible, vampiric 2
a: Exsanguinate, Renounce Religion, Potion Petition, Call Merchant, Bribe Branch


You were on level 4 of the Dungeon.
You worshipped Gozag.
Gozag was aware of your devotion.
You visited 1 branch of the dungeon, and saw 4 of its levels.

You collected 165 gold pieces.
You paid 23 gold pieces to Gozag.

Inventory:

Hand Weapons
 a - a +1 dagger
 g - a +0 short sword
 o - a +4 dagger (weapon)
Missiles
 f - 2 curare-tipped darts (quivered)
 r - 12 silver javelins
Armour
 b - a +0 robe (worn)
 d - a +0 pair of gloves (worn)
 l - a +0 cloak (worn)
Jewellery
 s - a ring of protection from fire (left hand)
 v - a ring of willpower
Wands
 w - a wand of polymorph (4)
Scrolls
 k - a scroll of amnesia
 p - a scroll of vulnerability
Potions
 c - a potion of invisibility
 e - 2 potions of heal wounds
 h - a potion of flight
 i - 2 potions of curing {unknown}
 j - 2 potions of degeneration {unknown}
 n - a potion of mutation {unknown}
 q - a potion of attraction {unknown}
 t - a potion of lignification {unknown}
 u - a potion of haste {unknown}


   Skills:
 + Level 2.8 Short Blades
 + Level 3.5 Dodging
 + Level 6.0 Stealth
 + Level 3.0 Spellcasting
 + Level 5.8 Hexes


You had 2 spell levels left.
You knew the following spells:

 Your Spells              Type           Power      Damage    Failure   Level
a - Confusing Touch       Hex            26%        N/A       4%          3
b - Ensorcelled Hibernat  Hex/Ice        28%        N/A       6%          2
c - Tukima's Dance        Hex            26%        N/A       4%          3

Your spell library contained the following spells:

 Spells                   Type           Power      Damage    Failure   Level
 Dazzling Flash           Conj/Hex       28%        N/A       13%         3
 Airstrike                Air            1%         2d(1-17)  80%         4
 Summon Lightning Spire   Summ/Air       3%         N/A       80%         4
 Lightning Bolt           Conj/Air       1%         1d12      98%         5


Dungeon Overview and Level Annotations

Branches:
Dungeon (4/15)
 Temple: D:4-7

Altars:
Gozag
Wu Jian
Xom

Shops:
D:3 ?

Annotations:
D:4 Duvessa


Innate Abilities, Weirdness & Mutations

Your natural rate of healing is accelerated.
You have razor-sharp teeth.
You have supernaturally acute eyesight. (SInv)
You are afflicted with vampirism and can become a bat while bloodless.


Message History

You condense into your normal self.
Your +4 dagger unmelds from your body.
Your +0 cloak unmelds from your body.
Your +0 pair of gloves unmelds from your body.
Your +0 robe unmelds from your body.
Your ring of protection from fire unmelds from your body.
You start resting.
Duvessa is nearby!
Casting: Confusing Touch (dangerous; 4% risk of failure)
Confirm with . or Enter, or press ? or * to list all spells.
Aiming: Tukima's Dance (dangerous; 4% risk of failure)
Press: ? - help, Shift-Dir - straight line, f - Duvessa
Aim: Duvessa, wielding a +0 short sword and wearing a +0 leather armour (wandering, hasn't noticed you, chance to affect: 39%)
You miscast Tukima's Dance.
You are very lightly contaminated with residual magic.
Nothing appears to happen.
Duvessa shouts!
Duvessa goes berserk!
Casting: Tukima's Dance (dangerous; 4% risk of failure)
Confirm with . or Enter, or press ? or * to list all spells.
You don't have enough magic to cast this spell.
You fade into invisibility!
Duvessa rages.
Duvessa rages.
Duvessa hits you with a +0 short sword!
You catch the helpless Duvessa completely off-guard!
You puncture Duvessa!
Duvessa is moderately wounded.
Duvessa closely misses you.
You barely miss Duvessa. You bite Duvessa, but do no damage.
Duvessa is moderately wounded.
Casting: Tukima's Dance (dangerous; 4% risk of failure)
Confirm with . or Enter, or press ? or * to list all spells.
You don't have enough magic to cast this spell.
Duvessa barely misses you. Duvessa hits you with a +0 short sword.
Duvessa hits you with a +0 short sword!
As you read the scroll of teleportation, it crumbles to dust.
You feel strangely unstable. Duvessa hits you with a +0 short sword!
You die...
Your body crumbles into a pile of gold.

#.##...#..........>.).#####
#.....####..###.........#.##
#......###....#............##
#........#.......#....).....#
......#...................###
......##.#.......#........#
......##.....#..##.......##
.............#.e##......##
.......).###....@.......##
........###>.#...........#
##.....###..##...........#
.......#....).........#..#
..###..........#......#..#
....#..........#.....#...#
.....#.##.#.##...##....###
..#.##.######....###..##
.##..### #......##.#


You could see Duvessa (berserk, unable to see you).

Vanquished Creatures
  Dowan (D:4)
  An orc priest (D:3)
  An iguana (D:4)
  2 adders
  2 dart slugs
  6 orcs
  5 ball pythons
  5 endoplasms
  6 giant cockroaches
  5 goblins
  5 hobgoblins
  4 jackals (D:3)
  4 quokkas
  5 bats
  8 frilled lizards
  3 kobolds
  7 rats
70 creatures vanquished.

Vanquished Creatures (collateral kills)
  An orc priest (D:4)
  2 orcs (D:3)
3 creatures vanquished.

Vanquished Creatures (others)
  A plant (D:2)
1 creature vanquished.

Grand Total: 74 creatures vanquished

Notes
Turn   | Place    | Note
-------+----------+-------------------------------------------
     0 | D:1      | smilodon the Vampire Enchanter began the quest for the Orb.
     0 | D:1      | Reached XP level 1. HP: 13/13 MP: 3/3
   165 | D:1      | Reached XP level 2. HP: 12/19 MP: 5/5
   572 | D:1      | Gained mutation: You are afflicted with vampirism and can
                  | become a bat while bloodless. [Vampire growth]
   572 | D:1      | Reached XP level 3. HP: 24/24 MP: 6/6
   855 | D:2      | Found an ornate altar of the Wu Jian Council.
   875 | D:2      | Learned a level 3 spell: Confusing Touch
   878 | D:2      | Learned a level 2 spell: Ensorcelled Hibernation
   932 | D:2      | Reached skill level 5 in Stealth
  1031 | D:2      | Found a faded altar of an unknown god.
  1310 | D:2      | Reached skill level 5 in Hexes
  1446 | D:3      | Reached XP level 4. HP: 26/30 MP: 4/7
  1550 | D:3      | Found Agussocu's Magic Scroll Boutique.
  2092 | D:3      | Found an opulent altar of Gozag.
  2096 | D:3      | Became a worshipper of Gozag Ym Sagoz the Greedy
  2100 | D:3      | Found a shimmering altar of Xom.
  2192 | D:3      | Learned a level 3 spell: Tukima's Dance
  2281 | D:4      | Reached XP level 5. HP: 27/35 MP: 6/9
  2391 | D:4      | Noticed Dowan
  2391 | D:4      | Noticed Duvessa
  2530 | D:4      | Killed Dowan
  2531 | D:4      | Reached skill level 6 in Stealth
  2570 | D:4      | Slain by Duvessa

Illustrated notes

Levels and vault maps discovered:
D:1:      nagdon_arrival_zigzag_paths, layout_basic
D:2:      layout_rooms, basic_altar, dreamdust_ecumenical_altar_grove
D:3:      layout_loops_ring, elyvilon_altar_3, grunt_temple_overflow_diamond,
          serial_shops, shop
D:4:      layout_cave_pools, uniq_duvessa

Skill      XL: |  1  2  3  4  5 |
---------------+----------------+-----
Stealth        | 5 6 |  6.0
Hexes          | 5 |  5.8
Short Blades   | 2 |  2.8
Dodging        | 3 |  3.5
Spellcasting   | 3 |  3.0

Action                   |  1- 3 |  4- 6 || total
-------------------------+-------+-------++-------
Melee: Dagger            |   155 |    65 ||   220
       Bite              |    14 |     2 ||    16
       Punch             |     2 |       ||     2
       Unarmed           |       |     6 ||     6
 Cast: Ensorcelled Hiber |     3 |     4 ||     7
       Tukima's Dance    |       |     6 ||     6
       Confusing Touch   |       |     1 ||     1
  Use: Scroll            |     5 |     4 ||     9
       Potion            |       |     1 ||     1
 Stab: Sleeping          |    16 |     7 ||    23
       Invisible         |       |     1 ||     1
Armor: Robe              |    33 |    10 ||    43
Dodge: Dodged            |    72 |    49 ||   121
